[Event "*** Titled Tuesday Blitz"]
[Site "Chess.com"]
[Date "2020.04.21"]
[Round "8"]
[White "northridgehawk"]
[Black "NiranjanNavalgund"]
[Result "0-1"]
[WhiteElo "2225"]
[BlackElo "2455"]
[TimeControl "180+1"]
[EndTime "11:36:09 PDT"]
[Termination "NiranjanNavalgund won by resignation"]

1. e4 e5 2. Bc4 Nf6 3. Nc3 Nxe4 4.
Qh5 Nd6 5. Bb3 Nc6 6. Nb5 g6 7. Qf3 f5 8. Qd5 Qe7 9. Nxc7+ Kd8 10. Nxa8 b6 11. d3 Bb7 12. Nxb6 axb6 13. h4 Kc7 14. Bg5 Qe8 15. Qf3 Nd4 16. Qg3 f4 17. Qh2 Bg7 18.
O-O-O h6 19. Bxf4 exf4 20. Qxf4 Be5 21. Qd2 Rf8 22. f3 Bf4 23. Nh3 Bxd2+ 24. Rxd2 Nxb3+ 25. axb3 Qa8 26. Kb1 Qa5 27. c3 Ra8 28. Kc2 Bd5 29. c4 Nf5 30. d4 Bf7 31. Re1 Qb4 32. Nf4 Nxd4+ 33. Kd3 Nxb3 34. Rc2 Qxe1 0-1

[Event "*** Titled Tuesday Blitz"]
[Site "Chess.com"]
[Date "2020.04.21"]
[Round "8"]
[White "Harsha_Bharathakoti"]
[Black "Tonychess32"]
[Result "1-0"]
[WhiteElo "2793"]
[BlackElo "2647"]
[TimeControl "180+1"]
[EndTime "11:36:10 PDT"]
[Termination "Harsha_Bharathakoti won by checkmate"]

1. c4 Nf6 2. Nc3 e6 3. e4 d5 4. e5 d4 5. exf6 dxc3 6. bxc3 Qxf6 7. d4 e5 8. Nf3 exd4 9. Bd3 Qe6+ 10. Kd2 dxc3+ 11. Kc2 Be7 12. Re1 Qc6 13. Rxe7+ Kxe7 14. Ba3+ Ke8 15. Qe1+ Be6 16. Qxc3 Qa4+ 17. Kb2 f6 18.
Re1 Kf7 19. Rxe6 Kxe6 20. Qe1+ Kd7 21. Bf5+ Kc6 22. Qe6# 1-0

[Event "*** Titled Tuesday Blitz"]
[Site "Chess.com"]
[Date "2020.04.21"]
[Round "8"]
[White "Gareth-Bale11"]
[Black "731291"]
[Result "0-1"]
[WhiteElo "2742"]
[BlackElo "2611"]
[TimeControl "180+1"]
[EndTime "11:36:14 PDT"]
[Termination "731291 won by resignation"]

1. e4 c5 2. Nf3 e6 3. g3 Nc6 4. Bg2 d6 5. O-O Nf6 6. d4 cxd4 7. Nxd4 Bd7 8. Nc3 a6 9. f4 Be7 10. f5 O-O 11. h3 Qc7 12. g4 Nxd4 13. Qxd4 d5 14.
Kh1 Bc5 15. Qd1 Nxe4 16. Nxe4 dxe4 17. f6 Bb5 18. Re1 Rfd8 19. Bd2 e3 0-1

[Event "*** Titled Tuesday Blitz"]
[Site "Chess.com"]
[Date "2020.04.21"]
[Round "8"]
[White "Ellaijio_B"]
[Black "jaskol95"]
[Result "1-0"]
[WhiteElo "2678"]
[BlackElo "2411"]
[TimeControl "180+1"]
[EndTime "11:36:15 PDT"]
[Termination "Ellaijio_B won by resignation"]

1. e4 e6 2. Qe2 e5 3. f4 exf4 4. d4 g5 5. Nc3 Bg7 6. e5 Ne7 7. Ne4 d5 8. Nxg5 Bf5 9. Bxf4 c5 10.
Qb5+ Nbc6 11. N1f3 Rc8 12. Bd3 Bxd3 13. Qxd3 h6 14. Nh3 Ng6 15. O-O cxd4 16. e6 Nxf4 17. exf7+ Kxf7 18. Nxf4 Re8 19. Qg6+ Kg8 20. Nh5 Qe7 21.
Nh4 Qe3+ 22. Kh1 Qg5 23. Qf7+ Kh8 24. Ng6+ 1-0

[Event "*** Titled Tuesday Blitz"]
[Site "Chess.com"]
[Date "2020.04.21"]
[Round "8"]
[White "tomsishere"]
[Black "Juanovic"]
[Result "1-0"]
[WhiteElo "2393"]
[BlackElo "2154"]
[TimeControl "180+1"]
[EndTime "11:36:16 PDT"]
[Termination "tomsishere won by resignation"]

1. e4 c5 2. Nf3 Nc6 3. Bb5 a6 4. Bxc6 bxc6 5. O-O d6 6. b3 e5 7. c3 Nf6 8. d4 cxd4 9. cxd4 Qc7 10. dxe5 dxe5 11.
Bb2 Bg4 12. Nbd2 Bd6 13. Rc1 O-O 14. h3 Bxf3 15. Qxf3 Rfe8 16. Rc2 Rac8 17. Rfc1 Qb7 18. Nc4 Bc7 19. Qf5 c5 20. Re2 Qb8 21. Rc3 Rcd8 22.
Re1 Rd4 23. Rg3 Rxc4 24. Qxf6 g6 25. bxc4 Qxb2 26. Qc6 Re7 27. Qxa6 Qd4 28. Qa8+ Kg7 29. Qd5 Qc3 30. Rxc3 1-0

[Event "*** Titled Tuesday Blitz"]
[Site "Chess.com"]
[Date "2020.04.21"]
[Round "8"]
[White "Quiet_Desperation"]
[Black "SaguriGuerra"]
[Result "1-0"]
[WhiteElo "2007"]
[BlackElo "2519"]
[TimeControl "180+1"]
[EndTime "11:36:18 PDT"]
[Termination "Quiet_Desperation won by resignation"]

1. e4 e6 2. d4 d5 3. Nc3 Nf6 4. e5 Nfd7 5. f4 c5 6. Nf3 Nc6 7. Be3 Be7 8. Be2 O-O 9. O-O b6 10. Qd2 f5 11. exf6 Nxf6 12. Rad1 Bb7 13. Kh1 Rc8 14.
Ng5 Qd7 15. dxc5 bxc5 16. Bb5 a6 17. Ba4 d4 18. Qe2 h6 19. Nxe6 Rf7 20. Bb3 Na5 21. Nxd4 cxd4 22. Bxf7+ Kxf7 23. Rxd4 Qc6 24. f5 Re8 25. b4 Qxc3 26. bxa5 Bc5 27. Qc4+ Qxc4 28.
Rxc4 Bxe3 29. Rc7+ Re7 30. Rxe7+ Kxe7 31. Re1 Ng4 32.
h3 Kf7 33. hxg4 Bd2 34. Rb1 Bd5 35. Rd1 Bxa2 36. Rxd2 1-0

[Event "*** Titled Tuesday Blitz"]
[Site "Chess.com"]
[Date "2020.04.21"]
[Round "8"]
[White "patzerplay"]
[Black "TudorAnton"]
[Result "0-1"]
[WhiteElo "2339"]
[BlackElo "2525"]
[TimeControl "180+1"]
[EndTime "11:36:20 PDT"]
[Termination "TudorAnton won by checkmate"]

1. e4 e5 2. Nf3 Nc6 3. d4 exd4 4. Nxd4 Bc5 5. Nb3 Bb6 6. Nc3 Qf6 7. Qe2 Nge7 8. Be3 O-O 9. O-O-O d6 10. f4 Re8 11.
Bxb6 axb6 12. Qf3 Qg6 13. h3 Na5 14. Kb1 Nxb3 15. axb3 Nc6 16. g4 Qf6 17. Nd5 Qd8 18.
g5 Be6 19. Rg1 Bxd5 20. Rxd5 Nb4 21. Rd4 c5 22. Rd2 Ra1+ 23. Kxa1 Qa8+ 24. Kb1 Qa2+ 25. Kc1 Qa1# 0-1

[Event "*** Titled Tuesday Blitz"]
[Site "Chess.com"]
[Date "2020.04.21"]
[Round "8"]
[White "boasovietica"]
[Black "ChelsieMonica"]
[Result "0-1"]
[WhiteElo "2437"]
[BlackElo "2329"]
[TimeControl "180+1"]
[EndTime "11:36:22 PDT"]
[Termination "ChelsieMonica won by resignation"]

1. e4 e5 2. Nf3 Nc6 3. Bb5 a6 4. Ba4 Nf6 5. O-O b5 6. Bb3 Be7 7.
d3 O-O 8. Nc3 d6 9. a3 Bg4 10.
Be3 Nd4 11. Bxd4 exd4 12. Nd5 c6 13. Nxe7+ Qxe7 14. h3 Bh5 15. g4 Nxg4 16. hxg4 Bxg4 17. Kg2 Kh8 18. Rh1 f5 19. Qd2 Bxf3+ 20. Kxf3 fxe4+ 21. Kg2 e3 22. Rxh7+ Kxh7 23. Rh1+ Kg6 24. fxe3 Qg5+ 0-1

[Event "*** Titled Tuesday Blitz"]
[Site "Chess.com"]
[Date "2020.04.21"]
[Round "8"]
[White "Zubrrr"]
[Black "Munkhzul_Turmunkh"]
[Result "0-1"]
[WhiteElo "2659"]
[BlackElo "2522"]
[TimeControl "180+1"]
[EndTime "11:36:23 PDT"]
[Termination "Munkhzul_Turmunkh won by resignation"]

1. c4 e5 2. g3 Nf6 3. Bg2 d5 4. cxd5 Nxd5 5. Nc3 Nb6 6. Nf3 Nc6 7. O-O Be7 8. a3 O-O 9. b4 Be6 10. d3 f6 11. Bb2 a5 12. b5 Nd4 13. Nxd4 exd4 14.
Na4 Bd5 15. Nxb6 cxb6 16. Bxd5+ Qxd5 17. Qa4 Bc5 18. Rac1 f5 19. Qc4 Rad8 20. a4 f4 21. Qxd5+ Rxd5 22. Kg2 Re5 23. Rc2 Rxe2 24. Rfc1 f3+ 25.
Kf1 Rfe8 26. g4 Kf7 27. h3 Kg6 28. h4 h5 29. gxh5+ Kxh5 30. Rxc5+ bxc5 31. Rxc5+ Kxh4 0-1

[Event "*** Titled Tuesday Blitz"]
[Site "Chess.com"]
[Date "2020.04.21"]
[Round "8"]
[White "aa175"]
[Black "mortngabriel"]
[Result "1-0"]
[WhiteElo "2319"]
[BlackElo "2431"]
[TimeControl "180+1"]
[EndTime "11:36:25 PDT"]
[Termination "aa175 won by checkmate"]

1. d4 Nf6 2. Bf4 g6 3. e3 Bg7 4. Bd3 O-O 5. h4 d6 6. h5 c5 7. hxg6 hxg6 8. Nf3 Bg4 9. Nc3 Qb6 10. a3 cxd4 11.
exd4 Bxf3 12. Qxf3 Qxb2 13. Kd2 Qb6 14. Qh3 Qxd4 15.
Be3 Qg4 16. Nd5 Qe6 17. Nxf6+ Qxf6 18. Qh7# 1-0

[Event "*** Titled Tuesday Blitz"]
[Site "Chess.com"]
[Date "2020.04.21"]
[Round "8"]
[White "DishonorOnYourCow"]
[Black "maximnovik"]
[Result "1-0"]
[WhiteElo "2321"]
[BlackElo "2412"]
[TimeControl "180+1"]
[EndTime "11:36:28 PDT"]
[Termination "DishonorOnYourCow won by resignation"]

1. d4 Nf6 2. c4 g6 3. Nc3 d5 4.
cxd5 Nxd5 5. e4 Nxc3 6. bxc3 Bg7 7. Be3 c5 8. Rc1 e5 9. dxc5 Be6 10. Qa4+ Nc6 11. Nf3 O-O 12. Be2 h6 13. O-O Qc7 14.
Rb1 Rab8 15. Bc4 Bxc4 16. Qxc4 Na5 17. Qa4 Nc6 18. Rfd1 f5 19. Rd6 Kh7 20. exf5 gxf5 21. Rbd1 Rf7 22. Bxh6 e4 23. Ng5+ Kg8 24. Nxf7 Qxf7 25.
Rd7 1-0

[Event "*** Titled Tuesday Blitz"]
[Site "Chess.com"]
[Date "2020.04.21"]
[Round "8"]
[White "Teidi96"]
[Black "korkmaz16"]
[Result "0-1"]
[WhiteElo "2175"]
[BlackElo "2290"]
[TimeControl "180+1"]
[EndTime "11:36:31 PDT"]
[Termination "korkmaz16 won by resignation"]

1. e4 d5 2. exd5 Nf6 3. c4 e6 4. d4 exd5 5. Nc3 Bb4 6. Nf3 O-O 7. Be2 Bg4 8. O-O dxc4 9. Bxc4 Nc6 10. Be3 Bxc3 11.
bxc3 Nd5 12. Bd2 Re8 13. Rb1 Qd6 14. Bxd5 Qxd5 15. Rxb7 Nxd4 16. Rxc7 Nxf3+ 17. gxf3 Bxf3 18. Qb3 Qh5 19. Bf4 Rac8 20. Rxc8 Rxc8 21. Qb7 Bxb7 0-1

[Event "*** Titled Tuesday Blitz"]
[Site "Chess.com"]
[Date "2020.04.21"]
[Round "8"]
[White "IMAghasiyevKamal"]
[Black "GMJustin"]
[Result "0-1"]
[WhiteElo "2505"]
[BlackElo "2378"]
[TimeControl "180+1"]
[EndTime "11:36:32 PDT"]
[Termination "GMJustin won by checkmate"]

1. e4 c5 2. Nf3 e6 3. b3 Nc6 4. Bb2 a6 5. g3 Nf6 6. d3 d5 7. Nbd2 d4 8. Bg2 e5 9. O-O Bd6 10. a4 O-O 11. h3 Rb8 12. Nh4 g6 13. f4 exf4 14. gxf4 Nh5 15. Nf5 Bxf4 16. Nc4 b5 17.
axb5 axb5 18. Nd2 Bxf5 19. exf5 Be3+ 20. Kh1 Ng3+ 21. Kh2 Qc7 22. Rf3 Nf1+ 23. Kh1 Qh2# 0-1

[Event "*** Titled Tuesday Blitz"]
[Site "Chess.com"]
[Date "2020.04.21"]
[Round "8"]
[White "checkmatequen"]
[Black "Aikiigm"]
[Result "0-1"]
[WhiteElo "2230"]
[BlackElo "2556"]
[TimeControl "180+1"]
[EndTime "11:36:32 PDT"]
[Termination "Aikiigm won by resignation"]

1. e4 Nf6 2. e5 Nd5 3. d4 d6 4.
c4 Nb6 5. exd6 cxd6 6. Nc3 g6 7. Be3 Bg7 8. Rc1 O-O 9. b3 Bf5 10. Nf3 d5 11. c5 Nc8 12. Bd3 Bg4 13. h3 Bxf3 14.
Qxf3 e6 15. O-O Nc6 16. a3 Nxd4 17. Bxd4 Bxd4 18. Nb5 Bg7 19. Qg3 a6 20. Nc3 Ne7 21.
b4 Nc6 22. Na4 Qf6 23. Nb6 Rad8 24. b5 axb5 25. Bxb5 Bh6 26. Rb1 Bf4 27. Qd3 Ne5 28.
Qb3 Qe7 29. Qb4 Bh6 30. Rfe1 Nc6 31. Bxc6 bxc6 32. a4 Qa7 33. a5 Bg7 34. Re3 e5 35.
Ra3 Qa6 36. Qd2 e4 37. Na4 d4 38. Rb6 Qc4 39. a6 Rfe8 40. a7 e3 41. fxe3 dxe3 42. Rxe3 Qxa4 43. Rxe8+ Rxe8 44. Rb8 Qa1+ 45. Kh2 Qe5+ 46. g3 Rxb8 47. axb8=Q+ Qxb8 48. Qd7 Bf8 49. Qxc6 Qb2+ 50. Kh1 Qc1+ 51. Kh2 Qxc5 52. Qf3 Qe5 53. h4 Bd6 54. Kh3 Qxg3+ 55. Qxg3 Bxg3 56. Kxg3 f5 57. Kf4 Kg7 58. h5 Kf6 0-1

[Event "*** Titled Tuesday Blitz"]
[Site "Chess.com"]
[Date "2020.04.21"]
[Round "8"]
[White "Harut-1998"]
[Black "raviteja81293"]
[Result "1-0"]
[WhiteElo "2658"]
[BlackElo "2764"]
[TimeControl "180+1"]
[EndTime "11:36:34 PDT"]
[Termination "Harut-1998 won by resignation"]

1. d4 d5 2. c4 e6 3. Nf3 Nf6 4.
g3 dxc4 5. Bg2 a6 6. O-O Nc6 7. e3 Rb8 8. Nfd2 e5 9. Bxc6+ bxc6 10. dxe5 Ng4 11. Nxc4 Be6 12. Nbd2 Bb4 13. Qc2 h5 14.
b3 h4 15. Nf3 hxg3 16. fxg3 Qd7 17. h4 Bf5 18. e4 Be6 19. Kg2 O-O 20. Bf4 Qe7 21.
Nd4 Rb6 22. Nxb6 cxb6 23. Nxc6 1-0

[Event "*** Titled Tuesday Blitz"]
[Site "Chess.com"]
[Date "2020.04.21"]
[Round "8"]
[White "Andrii_Prydun"]
[Black "DonPreuss"]
[Result "1-0"]
[WhiteElo "2332"]
[BlackElo "2207"]
[TimeControl "180+1"]
[EndTime "11:36:37 PDT"]
[Termination "Andrii_Prydun won by resignation"]

1. d4 Nc6 2. Nc3 e5 3. d5 Nce7 4. e4 Ng6 5. Be3 Bb4 6. Ne2 d6 7. Qd3 N8e7 8. Qb5+ Bd7 9. Qxb4 O-O 10. Ng3 f5 11.
exf5 Nxf5 12. Nxf5 Bxf5 13. Bd3 Bxd3 14. cxd3 Nh4 15. O-O Ng6 16. Rac1 Nf4 17. Bxf4 Rxf4 18. Ne4 b6 19. Rc2 h5 20. Rfc1 Rc8 21. Qxd6 Qh4 22. Qe6+ Kh7 23. Qxc8 Rg4 24. g3 Qh3 25. Rxc7 h4 26.
Nf6+ Kg6 27. Qxg4+ 1-0

[Event "*** Titled Tuesday Blitz"]
[Site "Chess.com"]
[Date "2020.04.21"]
[Round "8"]
[White "Kawhi_Leonard2"]
[Black "Orest_Vovk"]
[Result "0-1"]
[WhiteElo "2299"]
[BlackElo "2448"]
[TimeControl "180+1"]
[EndTime "11:36:39 PDT"]
[Termination "Orest_Vovk won by resignation"]

1. e4 Nc6 2. Nf3 d5 3. exd5 Qxd5 4. Nc3 Qa5 5. d4 Bg4 6. h3 Bxf3 7. Qxf3 O-O-O 8.
Qxf7 Nxd4 9. Bd3 Nf6 10. O-O e6 11. Be3 Rd7 12. Qxd7+ Nxd7 13. Bxd4 Bd6 14. Rfe1 e5 15. Be3 Nf6 16. Nb5 a6 17. Nxd6+ cxd6 18. c4 Kb8 19. a3 Rc8 20. b4 Qa4 21. Bf1 Qb3 22.
Red1 Ne4 23. Bd3 Nc3 24. Rd2 e4 25. Bf1 Rd8 26. Bf4 Ka8 27. Bxd6 e3 28. Rd3 e2 29.
Rc1 exf1=Q+ 30. Kxf1 Rxd6 31. Rxd6 Qxc4+ 0-1

[Event "*** Titled Tuesday Blitz"]
[Site "Chess.com"]
[Date "2020.04.21"]
[Round "8"]
[White "Justinz"]
[Black "Piotrek1979"]
[Result "0-1"]
[WhiteElo "2297"]
[BlackElo "2445"]
[TimeControl "180+1"]
[EndTime "11:36:43 PDT"]
[Termination "Piotrek1979 won by resignation"]

1. e4 c6 2. d4 d5 3. e5 Bf5 4.
h4 c5 5. g4 Bd7 6. dxc5 e6 7. Nd2 Bxc5 8. Nb3 Nc6 9. Nxc5 Qa5+ 10. c3 Qxc5 11. f4 d4 12. c4 h5 13. gxh5 Nge7 14.
Nf3 Nf5 15. Bd3 Nb4 16. Bxf5 exf5 17. a3 Nc6 18. Qd3 a5 19. b3 Be6 20. Bb2 Rd8 21.
Rc1 Rxh5 22. Kf2 b6 23. Kg3 Bc8 24. Rhd1 Bb7 25. Nxd4 Qe7 26. Nxf5 Rxd3+ 27. Rxd3 Rxf5 0-1

[Event "*** Titled Tuesday Blitz"]
[Site "Chess.com"]
[Date "2020.04.21"]
[Round "8"]
[White "IAgrest"]
[Black "DonBroca"]
[Result "1-0"]
[WhiteElo "2254"]
[BlackElo "2100"]
[TimeControl "180+1"]
[EndTime "11:36:43 PDT"]
[Termination "IAgrest won by checkmate"]

1. e4 c5 2. Nf3 d6 3. d4 cxd4 4. Nxd4 Nf6 5. Nc3 g6 6. Be3 Bg7 7. f3 O-O 8. Qd2 Nc6 9. Bc4 Bd7 10. Bb3 Rc8 11. h4 h5 12. O-O-O Ne5 13. g4 hxg4 14. h5 gxh5 15. Bh6 e6 16. Qg5 Ng6 17. Nf5 Ne8 18. Qxh5 exf5 19. Bxg7 Kxg7 20. Qh7+ Kf6 21. Nd5+ Ke5 22.
exf5 Nf6 23. Qh2+ Kxf5 24. Ne3+ Kg5 25. Qh6# 1-0

[Event "*** Titled Tuesday Blitz"]
[Site "Chess.com"]
[Date "2020.04.21"]
[Round "8"]
[White "Bastiandash"]
[Black "tonyq11"]
[Result "0-1"]
[WhiteElo "1985"]
[BlackElo "2234"]
[TimeControl "180+1"]
[EndTime "11:36:44 PDT"]
[Termination "tonyq11 won by resignation"]

1. Nf3 Nf6 2. d4 d5 3. c3 c5 4. Bg5 e6 5. e3 Nbd7 6. Bd3 Be7 7.
O-O O-O 8. Nbd2 h6 9. Bh4 b6 10. Ne5 Bb7 11. f4 Ne4 12. Bxe7 Qxe7 13. Qe2 Rac8 14.
Rf3 Rfd8 15. Raf1 f6 16. Nxd7 Rxd7 17. Bxe4 dxe4 18. Rg3 e5 19. fxe5 fxe5 20. dxe5 Qxe5 21. Nc4 Qe6 22. Qg4 Re8 23. Rf8+ Kxf8 0-1

[Event "*** Titled Tuesday Blitz"]
[Site "Chess.com"]
[Date "2020.04.21"]
[Round "8"]
[White "Witik"]
[Black "Kildepiotr"]
[Result "1-0"]
[WhiteElo "2702"]
[BlackElo "2535"]
[TimeControl "180+1"]
[EndTime "11:36:46 PDT"]
[Termination "Witik won by resignation"]

1. d4 c5 2. d5 e5 3. Nc3 d6 4. e4 Be7 5. Bb5+ Nd7 6. a4 Bg5 7. Bxg5 Qxg5 8. Nf3 Qd8 9. O-O Ne7 10. Re1 O-O 11. Nd2 Nf6 12. a5 Ng6 13. a6 b6 14.
Bc6 Rb8 15. Nb5 Qe7 16. Nc4 Rd8 17. c3 h5 18. b4 h4 19. Re3 Nf4 20. g3 hxg3 21.
fxg3 Nh3+ 22. Kg2 Bg4 23. Qd3 Nh5 24. Rf1 Qg5 25. Kh1 Bc8 26. Nbxd6 Bxa6 27. b5 N5f4 28.
gxf4 Nxf4 29. Rg3 Qh5 30. Qf3 1-0

[Event "*** Titled Tuesday Blitz"]
[Site "Chess.com"]
[Date "2020.04.21"]
[Round "8"]
[White "UmutErdemGunduz"]
[Black "Grandmaster2B"]
[Result "1-0"]
[WhiteElo "2372"]
[BlackElo "2515"]
[TimeControl "180+1"]
[EndTime "11:36:46 PDT"]
[Termination "UmutErdemGunduz won by resignation"]

1. Nf3 Nf6 2. c4 e6 3. b3 c5 4.
g3 Nc6 5. Bb2 Be7 6. Bg2 O-O 7.
O-O b6 8. Nc3 Bb7 9. d4 cxd4 10.
Nxd4 a6 11. Rc1 Rc8 12. Qd2 Qc7 13. Nd5 Qd8 14. Nxe7+ Qxe7 15. Rfd1 Rfd8 16. Qe3 Na5 17. Nf5 Qb4 18. Qg5 exf5 19. Bxf6 g6 20. Bxd8 Bxg2 1-0

[Event "*** Titled Tuesday Blitz"]
[Site "Chess.com"]
[Date "2020.04.21"]
[Round "8"]
[White "mathapples"]
[Black "LogoCzar"]
[Result "1-0"]
[WhiteElo "2340"]
[BlackElo "2439"]
[TimeControl "180+1"]
[EndTime "11:36:47 PDT"]
[Termination "mathapples won by resignation"]

1. d4 d5 2. c4 c6 3. Nf3 Nf6 4. Nc3 e6 5. e3 Nbd7 6. Qc2 Bd6 7. Bd3 O-O 8. O-O dxc4 9. Bxc4 b5 10. Bd3 Bb7 11. e4 e5 12. Ne2 Rc8 13. Rd1 Qc7 14. dxe5 Nxe5 15. Nxe5 Bxe5 16. f4 Bd6 17. e5 Qb6+ 18.
Kh1 Ng4 19. Nd4 Bc5 20. Bxh7+ Kh8 21. Bf5 Bxd4 22. Bxg4 Rcd8 23. Rd3 g6 24. f5 Bxe5 25. fxg6 fxg6 26. Bh6 Qf2 27. Qxf2 Rxf2 28. Rxd8+ Kh7 29. Be3 Rxb2 30. Rd7+ 1-0

[Event "*** Titled Tuesday Blitz"]
[Site "Chess.com"]
[Date "2020.04.21"]
[Round "8"]
[White "FCChelsea14"]
[Black "claudyna16"]
[Result "1-0"]
[WhiteElo "2748"]
[BlackElo "2519"]
[TimeControl "180+1"]
[EndTime "11:36:48 PDT"]
[Termination "FCChelsea14 won by resignation"]

1. d4 Nf6 2. c4 g6 3. Nc3 Bg7 4.
e4 O-O 5. Nf3 d6 6. Be2 e5 7.
Be3 exd4 8. Nxd4 Re8 9. f3 c6 10. Bf2 d5 11. exd5 cxd5 12. O-O Nc6 13. c5 Nh5 14. Qd2 Be5 15. g3 Ng7 16. Rfe1 Ne6 17. Nxe6 Bxe6 18. Nb5 a6 19. Nd4 Bg7 20. Rad1 Qa5 21.
Qxa5 Nxa5 22. Bf1 Nc6 23. f4 Bg4 24. Rxe8+ Rxe8 25. Rd2 Nxd4 26. Bxd4 Re1 27. Kf2 Ra1 28. a3 Rb1 29. Bxg7 Kxg7 30. Bg2 Be6 31. Ke3 Kf6 32. Kd4 h5 33. Bxd5 Bc8 34. b4 Ra1 35. Ba2 Be6 36. Bxe6 Kxe6 37. Rd3 Kf5 38. h4 Kg4 39. Kd5 Rc1 40.
Kd6 f5 41. Kc7 Rg1 42. Kxb7 Rc1 43. c6 1-0

[Event "*** Titled Tuesday Blitz"]
[Site "Chess.com"]
[Date "2020.04.21"]
[Round "8"]
[White "Steven_Rojas"]
[Black "Dyadya81"]
[Result "0-1"]
[WhiteElo "2452"]
[BlackElo "2662"]
[TimeControl "180+1"]
[EndTime "11:36:49 PDT"]
[Termination "Dyadya81 won by resignation"]

1. c4 e5 2. Nc3 Bb4 3. Nd5 Na6 4. a3 Ba5 5. b4 c6 6. Nc3 Bc7 7. e3 Ne7 8. Nf3 O-O 9. d4 exd4 10. Nxd4 d5 11.
Be2 c5 12. bxc5 Nxc5 13. O-O dxc4 14. Bxc4 a6 15. Qf3 Ng6 16. Ba2 Qd6 17. g3 Bh3 18.
Rd1 Ne5 19. Qd5 Bg4 20. Qxd6 Bxd6 21. Rf1 Rac8 22. Nd5 Nf3+ 23. Nxf3 Bxf3 24. Bb2 Nd3 25. Bd4 Rfe8 26. Rfb1 Rc2 27. Rxb7 Rxf2 28. Nf4 Bxb7 29. Nxd3 Rg2+ 30. Kf1 Rxh2 0-1

[Event "*** Titled Tuesday Blitz"]
[Site "Chess.com"]
[Date "2020.04.21"]
[Round "8"]
[White "11kevin"]
[Black "ajdemipopushi"]
[Result "0-1"]
[WhiteElo "2518"]
[BlackElo "2374"]
[TimeControl "180+1"]
[EndTime "11:36:52 PDT"]
[Termination "ajdemipopushi won by resignation"]

1. d4 Nf6 2. c4 c5 3. d5 b5 4. Qc2 bxc4 5. e4 d6 6. Nf3 g6 7. Na3 Bg7 8. Nxc4 O-O 9. Bd3 Ba6 10. O-O Nbd7 11. a4 Nb6 12. a5 Nxc4 13. Bxc4 Bxc4 14. Qxc4 Rb8 15. e5 Rb4 16. Qa6 Nxd5 17. Qxa7 Nc7 18. exd6 exd6 19. a6 Nb5 20. Qb7 Nd4 21. Qd5 Qa8 22.
Qxd6 Nxf3+ 23. gxf3 Qxf3 24. Re1 Rg4+ 25. Kf1 Bd4 26. Be3 Bxe3 27. Rxe3 Qh1+ 28. Ke2 Qxa1 0-1

[Event "*** Titled Tuesday Blitz"]
[Site "Chess.com"]
[Date "2020.04.21"]
[Round "8"]
[White "calin_dragomirescu"]
[Black "White_Ghost"]
[Result "1-0"]
[WhiteElo "2310"]
[BlackElo "2427"]
[TimeControl "180+1"]
[EndTime "11:36:54 PDT"]
[Termination "calin_dragomirescu won by resignation"]

1. Nf3 d5 2. c4 c6 3. e3 Nf6 4. d4 Bf5 5. Nc3 e6 6. Nh4 Be4 7. Nxe4 dxe4 8. g3 Nbd7 9. Ng2 c5 10. Bd2 Rc8 11. Bc3 Qb6 12. Qb3 Qc7 13. Nf4 Be7 14. h4 O-O 15. Bh3 cxd4 16. exd4 e3 17. fxe3 Ne4 18. Rg1 Nxg3 19. Rxg3 Bxh4 20. Kf2 Bxg3+ 21. Kxg3 g5 22. Rg1 gxf4+ 23. Kf3+ Kh8 24. exf4 Qc6+ 25. d5+ e5 26. dxc6 1-0

[Event "*** Titled Tuesday Blitz"]
[Site "Chess.com"]
[Date "2020.04.21"]
[Round "8"]
[White "ChristianAlm"]
[Black "FMJoseHerrera"]
[Result "0-1"]
[WhiteElo "2467"]
[BlackElo "2619"]
[TimeControl "180+1"]
[EndTime "11:36:55 PDT"]
[Termination "FMJoseHerrera won by resignation"]

1. d4 Nf6 2. Bg5 Ne4 3. Bf4 c5 4. f3 Qa5+ 5. c3 Nf6 6. d5 Qb6 7. Bc1 e6 8. c4 g6 9. Nc3 Bg7 10. e4 O-O 11. Bd3 exd5 12. exd5 d6 13. Nge2 Nbd7 14.
O-O Ne5 15. Rb1 Re8 16. Bf4 Nxd3 17. Qxd3 Bf5 18. Qd2 Bxb1 19. Rxb1 Nd7 20. Ne4 Ne5 21. b3 Nxc4 22. Qc1 Ne5 23. N2c3 f5 24. Na4 Qa6 25. Ng5 Nd3 26. Qd2 Bd4+ 27. Kh1 Nf2+ 28. Kg1 Ne4+ 29. Qxd4 cxd4 30. fxe4 fxe4 31. Ne6 e3 32. Nxd4 Qd3 0-1

[Event "*** Titled Tuesday Blitz"]
[Site "Chess.com"]
[Date "2020.04.21"]
[Round "8"]
[White "Mfcyryd"]
[Black "zurzan"]
[Result "1-0"]
[WhiteElo "2538"]
[BlackElo "2033"]
[TimeControl "180+1"]
[EndTime "11:36:55 PDT"]
[Termination "Mfcyryd won on time"]

1. e4 Nf6 2. e5 Nd5 3. d4 d6 4. exd6 cxd6 5. c4 Nb6 6. Nc3 g6 7. Be3 Bg7 8. Rc1 O-O 9. b3 Nc6 10. d5 Ne5 11. h3 e6 12. Be2 exd5 13. Nxd5 Nxd5 14. Qxd5 Qe7 15. Nf3 Be6 16. Qd2 Nc6 17. O-O Rad8 18. Rfe1 Qc7 19. Nd4 Nxd4 20. Bxd4 Be5 21.
Bf3 Rfe8 22. Qc3 Bxd4 23. Qxd4 b6 24. Rcd1 Re7 25. Qf6 Rde8 26. h4 Qc5 27. Bd5 Qc8 28.
h5 Qd7 29. h6 1-0

[Event "*** Titled Tuesday Blitz"]
[Site "Chess.com"]
[Date "2020.04.21"]
[Round "8"]
[White "otrov-11"]
[Black "grandcoach"]
[Result "1-0"]
[WhiteElo "2373"]
[BlackElo "1990"]
[TimeControl "180+1"]
[EndTime "11:36:56 PDT"]
[Termination "otrov-11 won on time"]

1. d4 Nf6 2. c4 e6 3. Nf3 d5 4. g3 dxc4 5. Qa4+ Nc6 6. Qxc4 Qd5 7. Nbd2 Bb4 8. Qd3 b6 9. Bg2 Bb7 10. a3 Bxd2+ 11. Bxd2 Nxd4 12. Nh4 Rd8 13. Bxd5 Bxd5 14. Qxd4 Bxh1 15. Qa4+ b5 16. Qxb5+ c6 17. Qa4 O-O 18. f3 Rd5 19. Bc3 Nd7 20. Kf2 g5 21. Rxh1 gxh4 22. Qxh4 f6 23. Qg4+ Kf7 24. e4 Rg5 25. Qf4 Nc5 26. Rd1 Kg8 27. Qc7 1-0

[Event "*** Titled Tuesday Blitz"]
[Site "Chess.com"]
[Date "2020.04.21"]
[Round "8"]
[White "Baby_Legs"]
[Black "evgenyermolaev"]
[Result "1-0"]
[WhiteElo "2717"]
[BlackElo "2506"]
[TimeControl "180+1"]
[EndTime "11:36:57 PDT"]
[Termination "Baby_Legs won by checkmate"]

1. d4 Nf6 2. c4 c5 3. d5 g6 4.
Nc3 Bg7 5. e4 d6 6. Nge2 O-O 7.
Ng3 e6 8. Be2 exd5 9. cxd5 Nbd7 10. O-O Rb8 11. Bf4 Ne5 12. Qc2 Bd7 13. a4 b6 14. Nb5 Bxb5 15. axb5 Rb7 16. Ra3 Re7 17. Rd1 h5 18. f3 h4 19. Nh1 Nh5 20. Bg5 Bf6 21.
Be3 g5 22. Qd2 Rc7 23. g3 Ng6 24. f4 hxg3 25. hxg3 Nxg3 26. Nxg3 gxf4 27. Bxf4 Nxf4 28.
Qxf4 Be5 29. Qg4+ Kh8 30. Nf5 f6 31. Rh3+ Rh7 32. Qg7# 1-0

[Event "*** Titled Tuesday Blitz"]
[Site "Chess.com"]
[Date "2020.04.21"]
[Round "8"]
[White "abubakrtagelsir"]
[Black "ENEASZ"]
[Result "0-1"]
[WhiteElo "2355"]
[BlackElo "2523"]
[TimeControl "180+1"]
[EndTime "11:36:57 PDT"]
[Termination "ENEASZ won by resignation"]

1. Nf3 d5 2. g3 Bg4 3. Bg2 Nd7 4.
h3 Bh5 5. c4 e6 6. cxd5 exd5 7.
Qb3 Nc5 8. Qc2 Bg6 9. d3 c6 10. O-O Nf6 11. Bg5 h6 12. Be3 Ncd7 13. a3 Bd6 14. b4 O-O 15. Nbd2 Re8 16. Nh4 Bh7 17.
b5 Bxg3 18. fxg3 Rxe3 19. bxc6 bxc6 20. Nb3 Rxg3 21. Nf5 Rg5 22. e4 Bxf5 23. exf5 Rc8 24. Kh1 Nh5 25. Rf3 Ne5 26. Rf2 Ng3+ 27. Kg1 Nxf5 28. d4 Ne3 29. Qd2 Rxg2+ 0-1